 Dungeon Crawl Stone Soup version 0.24.1 (webtiles) character file.

Game seed: 16352946500104206247, levelgen mode: deterministic

53 Destapler the Vexing (level 3, 0/29 HPs)
             Began as a Centaur Arcane Marksman on Mar 26, 2020.
             Succumbed to an adder's poison
             ... on level 2 of the Dungeon.
             The game lasted 00:11:38 (1186 turns).

Destapler the Vexing (Centaur Arcane Marksman)      Turns: 1186, Time: 00:11:38

Health: 0/29       AC:  9    Str: 12    XL:     3   Next: 64%
Magic:  0/5        EV: 11    Int: 12    God:
Gold:   70         SH:  0    Dex: 12    Spells: 3/4 levels left

rFire    . . .     SeeInvis .   a - +0 shortbow
rCold    . . .     Gourm    .   (shield currently unavailable)
rNeg     . . .     Faith    .   l - +0 robe
rPois    .         Spirit   .   (helmet restricted)
rElec    .         Reflect  .   (no cloak)
rCorr    .         Harm     .   p - +2 pair of gloves
MR       .....                  (no barding)
Stlth    +.........             (no amulet)
HPRegen  0.09/turn              (no ring)
MPRegen  0.09/turn              h - +1 ring of evasion

@: lethally poisoned (0 -> -9), very quick
A: large, hooves 3, horns 1, slimy green scales 1, agile 1, deformed body, speed
2, tough skin 3, no potion heal 1
a: no special abilities


You were on level 2 of the Dungeon.
You were not hungry.

You visited 1 branch of the dungeon, and saw 2 of its levels.

You collected 70 gold pieces.

Inventory:

Hand Weapons
 a - a +0 shortbow (weapon)
Missiles
 k - 36 stones (quivered)
Armour
 l - a +0 robe (worn)
 p - a +2 pair of gloves (worn)
Jewellery
 b - an uncursed ring of resist corrosion {unknown}
 c - an uncursed ring of ice
 e - an uncursed ring of stealth {unknown}
 h - a +1 ring of evasion (right hand)
Scrolls
 g - 2 scrolls of remove curse {unknown}
 i - a scroll of amnesia {unknown}
 n - a scroll of identify {unknown}
Potions
 o - a potion of curing {unknown}
Comestibles
 f - 3 rations
 m - 3 chunks of flesh


   Skills:
 + Level 1.8 Fighting
 + Level 3.1 Bows
 + Level 1.9 Dodging
 + Level 1.4 Spellcasting
 + Level 3.1 Hexes


You had 3 spell levels left.
You knew the following spells:

 Your Spells              Type           Power        Failure   Level  Hunger
a - Corona                Hex            #......      9%          1    ##.....

Your spell library contained the following spells:

 Spells                   Type           Power        Failure   Level  Hunger
 Slow                     Hex            #.......     12%         2    ###....
 Inner Flame              Hex/Fire       #.......     41%         3    ####...
 Portal Projectile        Hex/Tloc       #.....       41%         3    ####...
 Cause Fear               Hex            #.........   63%         4    #####..
 Leda's Liquefaction      Hex/Erth       #.........   83%         4    #####..


Dungeon Overview and Level Annotations

Branches:
Dungeon (2/15)

Altars:


Innate Abilities, Weirdness & Mutations

You have hooves in place of feet.
Armour fits poorly on your strangely shaped body.
You cover ground very quickly.
You have extremely tough skin. (AC +3)
You have a pair of small horns on your head.
You are partially covered in slimy green scales. (AC +2)
You are agile. (Dex +2)
Potions are less effective at restoring your health.


Message History

Really attack while wielding your +0 shortbow? [Y]es or [N]o only, please.
Really attack while wielding your +0 shortbow?
You completely miss the adder.
The adder is almost dead.
* * * LOW HITPOINT WARNING * * *
You feel sick. The adder bites you but does no damage. The adder misses you.
Fire/throw which item? (* to show all) (? for menu, Esc to quit)
Okay, then.
Throwing (i - inventory)
k - 36 stones (quivered)
Press: ? - help, Shift-Dir - straight line, p - adder
Okay, then.
* * * LOW HITPOINT WARNING * * *
You feel sick.
It was a potion of mutation.
You feel extremely strange.
You feel agile.
Your system partially rejects the healing effects of potions.
Slimy green scales grow over part of your body.
A pair of horns grows on your head!
You die...

###############
...............
#.S...# #(#(###
####@#.#
#....#.#
#.####.# #.#
#.# #.# #.#
#.#####.####.#
#............#
#######.######
##.#


You could see an adder.

Vanquished Creatures
  2 adders (D:2)
  A dart slug (D:2)
  A leopard gecko (D:1)
  A ball python (D:2)
  3 bats (D:1)
  4 goblins
  7 hobgoblins (D:1)
  4 jackals (D:1)
  4 kobolds
  A frilled lizard (D:1)
  2 rats (D:2)
30 creatures vanquished.

Notes
Turn   | Place    | Note
-------+----------+-------------------------------------------
     0 | D:1      | Destapler the Centaur Arcane Marksman began the quest for
                  | the Orb.
     0 | D:1      | Reached XP level 1. HP: 16/16 MP: 2/2
   154 | D:1      | Reached XP level 2. HP: 19/23 MP: 1/3
   962 | D:2      | Reached XP level 3. HP: 28/28 MP: 2/5
  1185 | D:2      | HP: 1/29 [poisoned by an adder]
  1186 | D:2      | Gained mutation: You are agile. (Dex +2) [potion of
                  | mutation]
  1186 | D:2      | Gained mutation: Potions are less effective at restoring
                  | your health. [potion of mutation]
  1186 | D:2      | Gained mutation: You are partially covered in slimy green
                  | scales. (AC +2) [potion of mutation]
  1186 | D:2      | Gained mutation: You have a pair of small horns on your
                  | head. [potion of mutation]
  1186 | D:2      | Succumbed to an adder's poison

Levels and vault maps discovered:
D:1:      dpeg_arrival_erosion, layout_basic
D:2:      layout_loops_ring, chequers_ecumenical_altar_island,
          uniq_crazy_yiuf_cottage

Skill      XL: |  1  2  3 |
---------------+----------+-----
Hexes          | 3 |  3.1
Bows           | 3 |  3.1
Fighting       | |  1.8
Dodging        | |  1.9
Spellcasting   | |  1.4

Action                   || total
-------------------------++-------
Melee: Shortbow          ||     1
 Fire: Shortbow          ||   110
Throw: Stone             ||     3
 Cast: Corona            ||    37
  Use: Potion            ||     1
  Eat: Chunk             ||     1
Armor: Robe              ||    36
Dodge: Dodged            ||    60
